cohdb
Replays
Latest Replays
All Replays
Popular Replays
Top Player Replays
Match Explorer
How It Works
Community
CoH3 Stats
Reddit
Sign in to upload your games and track your stats! →
Sign in with Steam
Match 45584583
Unlisted
Match 45584583
Overview
Messages
Build Orders
End
Panzergrenadier Squad
250 Light Carrier
Panzergrenadier Squad
Construct Light Support Kompanie
Assault Grenadier Squad
Construct Mechanized Kompanie
Panzerjäger Mechanized Group
8 Rad Armored Car
Support Armor Elements
Panzerjäger Squad
StuG III D Assault Gun
Selects Panzerjäger Kommand Battlegroup
Selects Tank Busters
Selects Blockade Equipment
Selects Crew Shock Tactics
StuG III D Assault Gun
Veteran Squad Leaders
Selects Anti-tank Overwatch
2.5-tonne Medical Truck
Panzerpioneer Squad
Construct Panzerarmee Kommand
Anti-tank Overwatch
Vehicle Survival Package
Walking Stuka Rocket Launcher
Rapid Advance
Flakvierling Half-track
Anti-tank Overwatch
Panzergrenadier Squad
Panzergrenadier Squad
Panzergrenadier Squad
Selects Defensive Positions
Selects Butterfly Bomb Drop
Butterfly Bomb Drop
Anti-tank Overwatch
AI Takeover
lqf0607
吃饭没没吃饭吃我两拳
cc<
ionwood
Panda Le GaY's
POOH
冲锋大哥
Altair9527
0
0
Comments
sign in to comment!
No comments posted yet!